 Dungeon Crawl Stone Soup version 0.29.0-4-gdea44cf6ec (webtiles) character file.

Game seed: 1475992358285946001

36855 qw the Brawler (level 13, -2/131 HPs)
             Began as a Troll Cinder Acolyte on Aug 31, 2022.
             Was an Elder of Okawaru.
             Slain by a death yak (4 damage)
             ... while petrified by a catoblepas
             ... on level 5 of the Lair of Beasts.
             The game lasted 00:07:21 (12155 turns).

qw the Brawler (Troll Cinder Acolyte)              Turns: 12155, Time: 00:07:21

Health: -2/131     AC: 13    Str: 35    XL:     13   Next: 55%
Magic:  24/24      EV:  1    Int: 10    God:    Okawaru [****..]
Gold:   483        SH:  0    Dex:  5    Spells: 14/14 levels left

rFire   . . .      SeeInvis .     - Unarmed
rCold   . . .      Faith    .   (no shield)
rNeg    + + +      Spirit   .   j - +3 steam dragon scales
rPois   inf        Reflect  +   (helmet restricted)
rElec   .          Harm     .   r - +0 cloak
rCorr   .          Rampage  .   (gloves unavailable)
Will    .....                   (boots unavailable)
Stlth   ++........              n - amulet of reflection
HPRegen 1.11/turn               i - ring "Keoly" {rN+ MP+9 Str+6}
MPRegen 0.19/turn               o - ring of poison resistance

@: petrified, heroic, fire susceptible
A: large, unfitting armour, claws 3, regeneration 1, shaggy fur 1, tough skin 1
a: Renounce Religion, Heroism, Finesse


You were on level 5 of the Lair of Beasts.
You worshipped Okawaru.
Okawaru was greatly pleased with you.
You visited 3 branches of the dungeon, and saw 14 of its levels.
You also visited: Ossuary.

You collected 883 gold pieces.
You spent 400 gold pieces at shops.


Innate Abilities, Weirdness & Mutations

You are too large for most types of armour.
You have claws for hands.
Your natural rate of healing is unusually fast.
You are covered in fur. (AC +1)
You have tough skin. (AC +1)


   Skills:
 - Level 9.0(14.0) Fighting
 - Level 3.1(8.1) Throwing
 - Level 3.3(8.3) Armour
 - Level 2.2(7.2) Dodging
 + Level 19.5(24.5) Unarmed Combat
 - Level 1.0 Spellcasting
 - Level 2.1 Fire Magic
 + Level 4.1 Invocations


You had 14 spell levels left.
You didn't know any spells.
Your spell library contained the following spells:

 Spells                   Type           Power      Damage    Failure   Level
 Scorch                   Fire           8%         2d5       22%         2

Inventory:

Armour
 j - +3 steam dragon scales (worn)
 r - a +0 cloak (worn)
Jewellery
 i - the ring "Keoly" (left claw) {rN+ MP+9 Str+6}
   (You took it off a skeletal warrior on level 7 of the Dungeon)

   [ring of strength]

   Str:       It affects your strength (+6).
   rN:        It protects you from negative energy.
   MP:        It affects your magic capacity (+9).
 k - a ring of ice
 l - the amulet "Gecsueb" {Spirit rElec rC- Will+ Str+2}
   (You acquired it on level 5 of the Lair of Beasts)

   [amulet of guardian spirit]

   It causes incoming damage to be divided between your reserves of health and
   magic.
   Str:       It affects your strength (+2).
   rC:        It makes you vulnerable to cold.
   rElec:     It insulates you from electricity.
   Will:      It increases your willpower.
 n - an amulet of reflection (around neck)
 o - a ring of poison resistance (right claw)
Scrolls
 f - 2 scrolls of identify
 h - a scroll of enchant weapon
 m - a scroll of brand weapon
Potions
 a - 2 potions of curing
 b - 4 potions of heal wounds
 c - a potion of resistance
 g - 2 potions of mutation
 p - a potion of might
 q - 4 potions of haste

Dungeon Overview and Level Annotations

Branches:
Dungeon (8/15)             Temple (1/1) D:4            Lair (5/5) D:8
 Shoals (0/4) Lair:2       Spider (0/4) Lair:3      Ossuary (visited)
  Slime: Lair:4-5

Altars:
Ashenzari
Cheibriados
Dithmenos
Elyvilon
Fedhas
Hepliaklqana
Kikubaaqudgha
Makhleb
Okawaru
Qazlal
Ru
Sif Muna
Trog
Uskayaw
Vehumet
Wu Jian
Yredelemnul
Zin

Shops:
D:1 =   D:6 (   D:7 =


Message History

You are slowing down.
The catoblepas breathes a plume of calcifying dust at you.
The blast of calcifying dust hits you but does no damage.
The helpless yak fails to defend itself.
You eviscerate the yak!!!!
You kill the yak!
Okawaru accepts your kill.
You are engulfed in calcifying dust.
Your limbs have turned to stone.
The yak gores you.
You have turned to stone.
You are engulfed in calcifying dust.
The death yak is no longer petrified.
The catoblepas gores you!!
The death yak gores you but does no damage.
The yak completely misses you.
You are engulfed in calcifying dust.
The catoblepas gores you!! The yak gores you but does no damage.
You are engulfed in calcifying dust.
The yak is no longer petrified.
The catoblepas gores you! The death yak gores you.
The yak gores you but does no damage.
You are engulfed in calcifying dust.
The death yak gores you. The catoblepas gores you!! The death yak gores you.
The yak gores you.
You are engulfed in calcifying dust.
The death yak gores you but does no damage.
The catoblepas breathes a plume of calcifying dust at you.
The blast of calcifying dust hits you but does no damage.
The death yak gores you! The yak gores you but does no damage.
The death yak gores you! The catoblepas gores you. The death yak gores you!
The yak gores you but does no damage. The death yak gores you!
The catoblepas gores you!
The death yak gores you but does no damage.
The yak gores you but does no damage. The death yak gores you!!
The catoblepas breathes a plume of calcifying dust at you.
The blast of calcifying dust hits you! The death yak gores you!
The yak gores you.
You are engulfed in calcifying dust.
The death yak gores you!
The catoblepas breathes a plume of calcifying dust at you.
The blast of calcifying dust hits you but does no damage.
The death yak gores you! The yak gores you.
You are engulfed in calcifying dust.
The death yak gores you!
You die...

#PP###...## ...
#######...## .##.
###.###...# . #.
##.....##..# ..
###P..#......##
.###..HY.##......#
(Y.Y..YY####....##
#...###Y## ###.##
... #Y@# ### #.
##YY# ##YY. .....
.##.... ## ...#
.?# ##


You could see 3 death yaks, a catoblepas, a manticore and 5 yaks.

Vanquished Creatures
  Harold (Lair:2)
  2 hydras
  Fannar (Lair:1)
  2 catoblepae
  A boulder beetle (Lair:2)
  A two-headed ogre (D:5)
  11 death yaks
  Sonja (Lair:3)
  A skeletal warrior (D:7)
  A necromancer (Lair:3)
  A manticore (Lair:2)
  A wolf spider (Lair:3)
  3 black mambas
  Joseph (D:7)
  3 elephants (Lair:5)
  6 cane toads
  Maggie (D:7)
  2 rime drakes
  6 komodo dragons
  A polar bear (Lair:3)
  A troll (D:7)
  A wind drake (Lair:2)
  25 blink frogs
  Prince Ribbit (D:6)
  27 yaks
  A shadow (D:7)
  6 fire elementals
  2 wyverns
  3 basilisks
  A redback (Lair:3)
  A steam dragon (D:7)
  Menkaure (D:4)
  A sky beast (D:7)
  12 water moccasins
  4 orc warriors (D:8)
  2 ice beasts
  2 ogres (D:7)
  6 black bears
  3 wolves (Lair:1)
  3 centaurs
  2 kobold brigands (D:7)
  2 elf zombies (Ossuary)
  19 bullfrogs
  A gnoll sergeant (D:7)
  3 scorpions
  2 wights
  3 necrophages
  6 killer bees (D:7)
  3 howler monkeys
  A jelly (D:4)
  A centaur zombie (Ossuary)
  3 hounds
  A human zombie (Ossuary)
  4 orc priests
  Ijyb (D:3)
  7 iguanas
  3 yak simulacra (Lair:3)
  9 orc wizards
  5 wolf simulacra (Lair:3)
  2 mummies (Ossuary)
  3 gnolls (D:6)
  7 adders
  2 shadow imps (D:6)
  A white imp (D:7)
  An ufetubus (D:5)
  2 adder zombies (Ossuary)
  3 worms
  2 dart slugs
  32 orcs
  6 ball pythons
  3 bats
  3 endoplasms
  2 giant cockroaches
  8 goblins
  5 hobgoblins
  14 kobolds
  7 quokkas
  3 training dummies (D:6)
  5 frilled lizards
  2 goblin zombies (Ossuary)
  8 hobgoblin zombies (Ossuary)
  A jackal zombie (Ossuary)
  9 kobold zombies (Ossuary)
  9 orc zombies (Ossuary)
  6 rats
  2 rat zombies (Ossuary)
  3 river rat simulacra (Lair:3)
377 creatures vanquished.

Vanquished Creatures (others)
  A kobold (D:7)
  35 fungi
  80 plants
116 creatures vanquished.

Grand Total: 493 creatures vanquished

Notes
Turn   | Place    | Note
-------+----------+-------------------------------------------
     0 | D:1      | qw the Troll Cinder Acolyte began the quest for the Orb.
     0 | D:1      | Reached XP level 1. HP: 22/22 MP: 1/1
     0 | D:1      | 0 ||| qw: Version: 0.1-a-97-g2dd2ca4
     0 | D:1      | 0 ||| qw: Game counter: 4539
     0 | D:1      | 0 ||| qw: Always use a shield: true
     0 | D:1      | 0 ||| qw: God list: Okawaru
     0 | D:1      | 0 ||| qw: Allow faded altars: false
     0 | D:1      | 0 ||| qw: Do Orc after D:15 true
     0 | D:1      | 0 ||| qw: Do second Lair branch before Depths: true
     0 | D:1      | 0 ||| qw: Lair rune preference: random
     0 | D:1      | 0 ||| qw: Plans: Normal
     0 | D:1      | 0 ||| PLANNING D:1-11
    39 | D:1      | Found a faded altar of an unknown god.
    50 | D:1      | 50 ||| Stepping ~*~*~tactically~*~*~ (hiding).
    54 | D:1      | 54 ||| Stepping ~*~*~tactically~*~*~ (hiding).
   224 | D:1      | Reached XP level 2. HP: 29/29 MP: 2/2
   235 | D:1      | 235 ||| Stepping ~*~*~tactically~*~*~ (outnumbered).
   369 | D:1      | Reached skill level 4 in Unarmed Combat
   476 | D:1      | Found Yclowoq's Jewellery Shop.
   492 | D:1      | 492 ||| SHOPLISTING +6 ring of dexterity (468 gold, have
                  | 108).
   492 | D:1      | 492 ||| SHOPLISTING amulet of the acrobat (390 gold, have
                  | 108).
   492 | D:1      | 492 ||| SHOPLISTING ring of Foosuoc {rPois rC- Will+ Int+9
                  | Slay+4} (1361 gold, have 108).
   492 | D:1      | 492 ||| SHOPLISTING ring of Royalty {rF++ EV+4} (786 gold,
                  | have 108).
   492 | D:1      | 492 ||| SHOPLISTING ring of poison resistance (260 gold,
                  | have 108).
   492 | D:1      | 492 ||| SHOPLISTING ring of protection from cold (325 gold,
                  | have 108).
   492 | D:1      | 492 ||| SHOPLISTING ring of resist corrosion (260 gold,
                  | have 108).
   492 | D:1      | 492 ||| SHOPLISTING ring of willpower (325 gold, have 108).
   558 | D:1      | 558 ||| READING 3 scrolls labelled ELOGEI FYVU.
   559 | D:1      | 559 ||| READING scroll labelled TEDETOIJYUTS.
   563 | D:1      | 563 ||| READING scroll labelled ONWIOX ALAM.
   564 | D:1      | 564 ||| READING 2 scrolls of identify.
   564 | D:1      | 564 ||| IDENTIFYING fizzy emerald potion
   746 | D:2      | Reached XP level 3. HP: 36/36 MP: 3/3
   908 | D:2      | 908 ||| Stepping ~*~*~tactically~*~*~ (stealth).
   934 | D:2      | 934 ||| Stepping ~*~*~tactically~*~*~ (outnumbered).
   935 | D:2      | 935 ||| Stepping ~*~*~tactically~*~*~ (outnumbered).
  1079 | D:2      | 1079 ||| READING scroll labelled EPICOR JOFF.
  1080 | D:2      | 1080 ||| READING scroll labelled RIAFEA YCILO.
  1081 | D:2      | 1081 ||| DRINKING 2 fizzy golden potions.
  1194 | D:3      | 1194 ||| Stepping ~*~*~tactically~*~*~ (outnumbered).
  1195 | D:3      | 1195 ||| Stepping ~*~*~tactically~*~*~ (outnumbered).
  1196 | D:3      | 1196 ||| Stepping ~*~*~tactically~*~*~ (outnumbered).
  1197 | D:3      | 1197 ||| Stepping ~*~*~tactically~*~*~ (outnumbered).
  1593 | D:3      | Reached XP level 4. HP: 44/44 MP: 4/4
  1601 | D:3      | Noticed Ijyb
  1602 | D:3      | Paralysed by Ijyb for 3 turns
  1608 | D:3      | Killed Ijyb
  1609 | D:3      | Reached skill level 5 in Unarmed Combat
  1916 | D:3      | 1916 ||| READING scroll labelled LUEMMUL CUDISM.
  1917 | D:3      | 1917 ||| DRINKING 2 sedimented dark potions.
  1918 | D:3      | 1918 ||| DROPPING potion of brilliance.
  1953 | D:4      | 1953 ||| PLANNING OSSUARY
  1970 | D:4      | 1970 ||| Stepping ~*~*~tactically~*~*~ (stealth).
  1986 | D:4      | 1986 ||| Stepping ~*~*~tactically~*~*~ (stealth).
  2000 | D:4      | 2000 ||| Stepping ~*~*~tactically~*~*~ (stealth).
  2142 | D:4      | 2142 ||| Stepping ~*~*~tactically~*~*~ (stealth).
  2142 | D:4      | Found a staircase to the Ecumenical Temple.
  2173 | D:4      | Reached XP level 5. HP: 45/50 MP: 5/5
  2269 | D:4      | Reached skill level 6 in Unarmed Combat
  2308 | D:4      | 2308 ||| Stepping ~*~*~tactically~*~*~ (stealth).
  2346 | D:4      | 2346 ||| Stepping ~*~*~tactically~*~*~ (outnumbered).
  2348 | D:4      | 2348 ||| Stepping ~*~*~tactically~*~*~ (outnumbered).
  2350 | D:4      | 2350 ||| Stepping ~*~*~tactically~*~*~ (outnumbered).
  2351 | D:4      | 2351 ||| Stepping ~*~*~tactically~*~*~ (outnumbered).
  2427 | D:4      | Found a sand-covered staircase.
  2428 | D:4      | 2428 ||| UPGRADING to amulet of reflection.
  2433 | D:4      | 2433 ||| READING scroll labelled EKIOTR UN WASH.
  2434 | D:4      | 2434 ||| READING scroll labelled JICOILI JATWAK.
  2435 | D:4      | 2435 ||| READING scroll labelled YNLAAN ERIKIHA.
  2436 | D:4      | 2436 ||| READING scroll labelled JEGYAL QUMAN.
  2437 | D:4      | 2437 ||| READING 5 scrolls of identify.
  2437 | D:4      | 2437 ||| IDENTIFYING puce potion
  2438 | D:4      | 2438 ||| READING 4 scrolls of identify.
  2438 | D:4      | 2438 ||| IDENTIFYING viscous ruby potion
  2439 | D:4      | 2439 ||| READING 3 scrolls of identify.
  2439 | D:4      | 2439 ||| IDENTIFYING emerald potion
  2440 | D:4      | 2440 ||| READING 2 scrolls of identify.
  2440 | D:4      | 2440 ||| IDENTIFYING yellow potion
  2441 | D:4      | 2441 ||| DROPPING potion of magic.
  2442 | D:4      | 2442 ||| DROPPING potion of lignification.
  2443 | D:4      | 2443 ||| DROPPING potion of ambrosia.
  2444 | D:4      | 2444 ||| DROPPING potion of degeneration.
  2445 | D:4      | 2445 ||| READING 2 scrolls of teleportation.
  2489 | D:4      | Noticed Menkaure
  2490 | D:4      | 2490 ||| Stepping ~*~*~tactically~*~*~ (hiding).
  2495 | D:4      | Killed Menkaure
  2496 | D:4      | Reached skill level 7 in Unarmed Combat
  2496 | D:4      | Reached XP level 6. HP: 59/59 MP: 6/6
  2599 | Ossuary  | Entered an ossuary
  2606 | Ossuary  | 2606 ||| Stepping ~*~*~tactically~*~*~ (stealth).
  2679 | Ossuary  | 2679 ||| INVOKING Fiery Armour.
  2682 | Ossuary  | 2682 ||| Stepping ~*~*~tactically~*~*~ (outnumbered).
  2685 | Ossuary  | 2685 ||| Stepping ~*~*~tactically~*~*~ (outnumbered).
  2686 | Ossuary  | 2686 ||| Stepping ~*~*~tactically~*~*~ (outnumbered).
  2688 | Ossuary  | 2688 ||| Stepping ~*~*~tactically~*~*~ (outnumbered).
  2689 | Ossuary  | 2689 ||| Stepping ~*~*~tactically~*~*~ (outnumbered).
  2690 | Ossuary  | 2690 ||| Stepping ~*~*~tactically~*~*~ (outnumbered).
  2691 | Ossuary  | 2691 ||| Stepping ~*~*~tactically~*~*~ (outnumbered).
  2692 | Ossuary  | 2692 ||| Stepping ~*~*~tactically~*~*~ (outnumbered).
  2694 | Ossuary  | 2694 ||| Stepping ~*~*~tactically~*~*~ (outnumbered).
  2695 | Ossuary  | 2695 ||| Stepping ~*~*~tactically~*~*~ (outnumbered).
  2698 | Ossuary  | 2698 ||| Stepping ~*~*~tactically~*~*~ (outnumbered).
  2699 | Ossuary  | 2699 ||| Stepping ~*~*~tactically~*~*~ (outnumbered).
  2700 | Ossuary  | 2700 ||| Stepping ~*~*~tactically~*~*~ (outnumbered).
  2701 | Ossuary  | 2701 ||| Stepping ~*~*~tactically~*~*~ (outnumbered).
  2703 | Ossuary  | 2703 ||| Stepping ~*~*~tactically~*~*~ (outnumbered).
  2704 | Ossuary  | 2704 ||| Stepping ~*~*~tactically~*~*~ (outnumbered).
  2705 | Ossuary  | 2705 ||| Stepping ~*~*~tactically~*~*~ (outnumbered).
  2706 | Ossuary  | 2706 ||| Stepping ~*~*~tactically~*~*~ (outnumbered).
  2708 | Ossuary  | 2708 ||| Stepping ~*~*~tactically~*~*~ (outnumbered).
  2709 | Ossuary  | 2709 ||| Stepping ~*~*~tactically~*~*~ (outnumbered).
  2710 | Ossuary  | 2710 ||| Stepping ~*~*~tactically~*~*~ (outnumbered).
  2711 | Ossuary  | 2711 ||| Stepping ~*~*~tactically~*~*~ (outnumbered).
  2713 | Ossuary  | 2713 ||| Stepping ~*~*~tactically~*~*~ (outnumbered).
  2715 | Ossuary  | 2715 ||| Stepping ~*~*~tactically~*~*~ (outnumbered).
  2717 | Ossuary  | 2717 ||| Stepping ~*~*~tactically~*~*~ (outnumbered).
  2718 | Ossuary  | 2718 ||| Stepping ~*~*~tactically~*~*~ (outnumbered).
  2719 | Ossuary  | 2719 ||| Stepping ~*~*~tactically~*~*~ (outnumbered).
  2720 | Ossuary  | 2720 ||| Stepping ~*~*~tactically~*~*~ (outnumbered).
  2722 | Ossuary  | 2722 ||| Stepping ~*~*~tactically~*~*~ (outnumbered).
  2723 | Ossuary  | 2723 ||| Stepping ~*~*~tactically~*~*~ (outnumbered).
  2724 | Ossuary  | 2724 ||| Stepping ~*~*~tactically~*~*~ (outnumbered).
  2725 | Ossuary  | 2725 ||| Stepping ~*~*~tactically~*~*~ (outnumbered).
  2727 | Ossuary  | 2727 ||| Stepping ~*~*~tactically~*~*~ (outnumbered).
  2728 | Ossuary  | 2728 ||| Stepping ~*~*~tactically~*~*~ (outnumbered).
  2729 | Ossuary  | 2729 ||| Stepping ~*~*~tactically~*~*~ (outnumbered).
  2730 | Ossuary  | 2730 ||| Stepping ~*~*~tactically~*~*~ (outnumbered).
  2732 | Ossuary  | 2732 ||| Stepping ~*~*~tactically~*~*~ (outnumbered).
  2733 | Ossuary  | 2733 ||| Stepping ~*~*~tactically~*~*~ (outnumbered).
  2734 | Ossuary  | 2734 ||| Stepping ~*~*~tactically~*~*~ (outnumbered).
  2920 | Ossuary  | Reached skill level 8 in Unarmed Combat
  2920 | Ossuary  | Reached XP level 7. HP: 66/66 MP: 7/7
  2989 | Ossuary  | 2989 ||| DRINKING 2 fuming white potions.
  2990 | Ossuary  | 2990 ||| DRINKING 2 fuming ruby potions.
  3094 | Ossuary  | 3094 ||| READING 3 scrolls of identify.
  3094 | Ossuary  | 3094 ||| IDENTIFYING murky inky potion
  3095 | Ossuary  | 3095 ||| READING 2 scrolls of identify.
  3095 | Ossuary  | 3095 ||| IDENTIFYING brown potion
  3096 | Ossuary  | 3096 ||| DROPPING potion of berserk rage.
  3097 | Ossuary  | 3097 ||| DROPPING potion of invisibility.
  3106 | D:4      | 3106 ||| PLANNING D:1-11
  3316 | D:5      | Entered Level 5 of the Dungeon
  3317 | D:5      | 3317 ||| STAIRDANCE
  3321 | D:4      | Reached skill level 3 in Fighting
  3386 | D:5      | 3386 ||| Stepping ~*~*~tactically~*~*~ (stealth).
  3387 | D:5      | 3387 ||| Stepping ~*~*~tactically~*~*~ (stealth).
  3388 | D:5      | 3388 ||| Stepping ~*~*~tactically~*~*~ (stealth).
  3389 | D:5      | 3389 ||| Stepping ~*~*~tactically~*~*~ (stealth).
  3583 | D:5      | Noticed a two-headed ogre
  3584 | D:5      | 3584 ||| Stepping ~*~*~tactically~*~*~ (stealth).
  3705 | D:5      | 3705 ||| INVOKING Fiery Armour.
  3707 | D:5      | Reached skill level 9 in Unarmed Combat
  3752 | D:5      | Reached skill level 1 in Throwing
  3753 | D:5      | 3753 ||| Stepping ~*~*~tactically~*~*~ (outnumbered).
  3883 | D:5      | Reached skill level 1 in Dodging
  3883 | D:5      | Reached XP level 8. HP: 75/75 MP: 8/8
  3887 | D:5      | 3887 ||| Stepping ~*~*~tactically~*~*~ (hiding).
  3888 | D:5      | 3888 ||| Stepping ~*~*~tactically~*~*~ (hiding).
  3899 | D:5      | 3899 ||| DRINKING 2 potions of curing.
  3899 | D:5      | 3899 ||| (to cure confusion)
  4206 | D:5      | 4206 ||| Stepping ~*~*~tactically~*~*~ (stealth).
  4215 | D:5      | 4215 ||| INVOKING Fiery Armour.
  4216 | D:5      | Killed a two-headed ogre
  4217 | D:5      | Reached skill level 10 in Unarmed Combat
  4395 | D:5      | 4395 ||| READING scroll labelled XAD OPABE CEECO.
  4396 | D:5      | 4396 ||| READING scroll labelled UTUFOHA YRPHIFIE.
  4397 | D:5      | 4397 ||| READING scroll labelled XINEPL MURIE.
  4417 | D:4      | Found a shadowy altar of Dithmenos.
  4418 | D:4      | 4418 ||| READING 2 scrolls of teleportation.
  4456 | D:6      | Found a burning altar of Makhleb.
  4467 | D:6      | 4467 ||| Stepping ~*~*~tactically~*~*~ (hiding).
  4509 | D:6      | 4509 ||| Stepping ~*~*~tactically~*~*~ (stealth).
  4529 | D:6      | Noticed Prince Ribbit
  4543 | D:6      | 4543 ||| INVOKING Fiery Armour.
  4545 | D:6      | Killed Prince Ribbit
  4546 | D:6      | Reached XP level 9. HP: 32/85 MP: 9/9
  4664 | D:6      | Reached skill level 11 in Unarmed Combat
  4958 | D:6      | Found Vidghicur's Firing Range.
  5066 | D:6      | 5066 ||| READING 2 scrolls of identify.
  5066 | D:6      | 5066 ||| IDENTIFYING green potion
  5091 | D:7      | 5091 ||| Stepping ~*~*~tactically~*~*~ (stealth).
  5092 | D:7      | 5092 ||| Stepping ~*~*~tactically~*~*~ (stealth).
  5106 | D:7      | 5106 ||| INVOKING Fiery Armour.
  5226 | D:7      | Noticed Joseph
  5241 | D:7      | Killed Joseph
  5242 | D:7      | Reached skill level 12 in Unarmed Combat
  5301 | D:7      | 5301 ||| Stepping ~*~*~tactically~*~*~ (stealth).
  5302 | D:7      | 5302 ||| Stepping ~*~*~tactically~*~*~ (stealth).
  5326 | D:7      | 5326 ||| FLEEEEING.
  5327 | D:7      | 5327 ||| FLEEEEING.
  5327 | D:7      | Noticed a troll
  5328 | D:7      | 5328 ||| FLEEEEING.
  5329 | D:7      | 5329 ||| FLEEEEING.
  5330 | D:7      | 5330 ||| FLEEEEING.
  5331 | D:7      | 5331 ||| FLEEEEING.
  5332 | D:7      | 5332 ||| FLEEEEING.
  5333 | D:7      | 5333 ||| FLEEEEING.
  5334 | D:7      | 5334 ||| FLEEEEING.
  5335 | D:7      | 5335 ||| FLEEEEING.
  5336 | D:7      | 5336 ||| FLEEEEING.
  5337 | D:7      | 5337 ||| FLEEEEING.
  5338 | D:7      | 5338 ||| FLEEEEING.
  5339 | D:7      | 5339 ||| FLEEEEING.
  5340 | D:7      | 5340 ||| FLEEEEING.
  5341 | D:7      | 5341 ||| FLEEEEING.
  5342 | D:7      | 5342 ||| FLEEEEING.
  5343 | D:7      | 5343 ||| FLEEEEING.
  5344 | D:7      | 5344 ||| Stepping ~*~*~tactically~*~*~ (hiding).
  5346 | D:7      | 5346 ||| Stepping ~*~*~tactically~*~*~ (hiding).
  5347 | D:7      | 5347 ||| Stepping ~*~*~tactically~*~*~ (outnumbered).
  5348 | D:7      | 5348 ||| Stepping ~*~*~tactically~*~*~ (outnumbered).
  5351 | D:7      | Killed a troll
  5357 | D:7      | Reached skill level 13 in Unarmed Combat
  5357 | D:7      | Reached XP level 10. HP: 69/96 MP: 10/10
  5471 | D:7      | 5471 ||| Stepping ~*~*~tactically~*~*~ (hiding).
  5472 | D:7      | 5472 ||| Stepping ~*~*~tactically~*~*~ (hiding).
  5510 | D:7      | Identified the ring "Keoly" {rN+ MP+9 Str+6}
  5510 | D:7      | Noticed a skeletal warrior
  5512 | D:7      | 5512 ||| FLEEEEING.
  5513 | D:7      | 5513 ||| FLEEEEING.
  5523 | D:7      | 5523 ||| FLEEEEING.
  5524 | D:7      | 5524 ||| FLEEEEING.
  5525 | D:7      | 5525 ||| FLEEEEING.
  5526 | D:7      | 5526 ||| FLEEEEING.
  5527 | D:7      | 5527 ||| FLEEEEING.
  5531 | D:7      | 5531 ||| FLEEEEING.
  5532 | D:7      | 5532 ||| FLEEEEING.
  5537 | D:7      | 5537 ||| FLEEEEING.
  5538 | D:7      | 5538 ||| FLEEEEING.
  5539 | D:7      | 5539 ||| FLEEEEING.
  5540 | D:7      | 5540 ||| FLEEEEING.
  5541 | D:7      | 5541 ||| FLEEEEING.
  5542 | D:7      | 5542 ||| FLEEEEING.
  5543 | D:7      | 5543 ||| FLEEEEING.
  5544 | D:7      | 5544 ||| FLEEEEING.
  5556 | D:7      | 5556 ||| FLEEEEING.
  5557 | D:7      | 5557 ||| STAIRDANCE
  5566 | D:6      | 5566 ||| READING 2 scrolls of identify.
  5566 | D:6      | 5566 ||| IDENTIFYING orange potion
  5567 | D:6      | 5567 ||| DROPPING potion of attraction.
  5574 | D:7      | Killed a skeletal warrior
  5575 | D:7      | 5575 ||| STAIRDANCE
  5668 | D:7      | 5668 ||| Stepping ~*~*~tactically~*~*~ (stealth).
  5675 | D:7      | 5675 ||| INVOKING Fiery Armour.
  5680 | D:7      | 5680 ||| Stepping ~*~*~tactically~*~*~ (stealth).
  5697 | D:7      | 5697 ||| Stepping ~*~*~tactically~*~*~ (stealth).
  5701 | D:7      | 5701 ||| Stepping ~*~*~tactically~*~*~ (stealth).
  5715 | D:7      | 5715 ||| FLEEEEING.
  5726 | D:7      | 5726 ||| FLEEEEING.
  5727 | D:7      | 5727 ||| FLEEEEING.
  5730 | D:7      | 5730 ||| Stepping ~*~*~tactically~*~*~ (hiding).
  5731 | D:7      | 5731 ||| Stepping ~*~*~tactically~*~*~ (hiding).
  5739 | D:7      | 5739 ||| DRINKING potion of curing.
  5739 | D:7      | 5739 ||| (to cure confusion)
  5804 | D:7      | Noticed Maggie
  5815 | D:7      | Killed Maggie
  5816 | D:7      | Reached skill level 14 in Unarmed Combat
  5927 | D:7      | Found Doessoack's Jewellery Shop.
  5932 | D:7      | 5932 ||| Stepping ~*~*~tactically~*~*~ (stealth).
  5935 | D:7      | 5935 ||| Stepping ~*~*~tactically~*~*~ (stealth).
  5941 | D:7      | 5941 ||| Stepping ~*~*~tactically~*~*~ (stealth).
  5944 | D:7      | 5944 ||| Stepping ~*~*~tactically~*~*~ (outnumbered).
  5945 | D:7      | 5945 ||| Stepping ~*~*~tactically~*~*~ (outnumbered).
  5946 | D:7      | 5946 ||| Stepping ~*~*~tactically~*~*~ (outnumbered).
  5963 | D:7      | 5963 ||| FLEEEEING.
  5964 | D:7      | 5964 ||| FLEEEEING.
  5988 | D:7      | 5988 ||| SHOPLISTING +4 ring of evasion (576 gold, have
                  | 450).
  5988 | D:7      | 5988 ||| SHOPLISTING ring "Eghaj" {Drain rF++ EV+4 Slay+2}
                  | (1012 gold, have 450).
  5988 | D:7      | 5988 ||| SHOPLISTING ring of Olalual {Will+ EV+4} (777
                  | gold, have 450).
  5988 | D:7      | 5988 ||| BUYING ring of ice (400 gold).
  5988 | D:7      | Bought a ring of ice for 400 gold pieces
  5988 | D:7      | 5988 ||| SHOPLISTING ring of positive energy (320 gold,
                  | have 50).
  5988 | D:7      | 5988 ||| SHOPLISTING ring of protection from fire (400
                  | gold, have 50).
  6066 | D:7      | 6066 ||| Stepping ~*~*~tactically~*~*~ (hiding).
  6180 | D:7      | 6180 ||| UPGRADING to +0 steam dragon scales.
  6190 | D:7      | 6190 ||| DROPPING +0 robe.
  6191 | D:7      | 6191 ||| READING 3 scrolls of enchant armour.
  6191 | D:7      | 6191 ||| ENCHANTING +0 steam dragon scales.
  6192 | D:7      | 6192 ||| READING 2 scrolls of enchant armour.
  6192 | D:7      | 6192 ||| ENCHANTING +1 steam dragon scales.
  6193 | D:7      | 6193 ||| READING scroll of enchant armour.
  6193 | D:7      | 6193 ||| ENCHANTING +2 steam dragon scales.
  6194 | D:7      | 6194 ||| UPGRADING to ring "Keoly" {rN+ MP+9 Str+6}.
  6313 | D:8      | 6313 ||| Stepping ~*~*~tactically~*~*~ (outnumbered).
  6360 | D:8      | Reached skill level 1 in Armour
  6362 | D:8      | 6362 ||| Stepping ~*~*~tactically~*~*~ (hiding).
  6363 | D:8      | 6363 ||| Stepping ~*~*~tactically~*~*~ (hiding).
  6364 | D:8      | 6364 ||| Stepping ~*~*~tactically~*~*~ (hiding).
  6366 | D:8      | Reached skill level 6 in Fighting
  6366 | D:8      | 6366 ||| Stepping ~*~*~tactically~*~*~ (hiding).
  6373 | D:8      | 6373 ||| Stepping ~*~*~tactically~*~*~ (hiding).
  6435 | D:8      | Found a staircase to the Lair.
  6555 | D:8      | 6555 ||| Stepping ~*~*~tactically~*~*~ (stealth).
  6556 | D:8      | 6556 ||| Stepping ~*~*~tactically~*~*~ (hiding).
  6558 | D:8      | 6558 ||| Stepping ~*~*~tactically~*~*~ (hiding).
  6577 | D:8      | 6577 ||| FLEEEEING.
  6578 | D:8      | 6578 ||| FLEEEEING.
  6579 | D:8      | 6579 ||| FLEEEEING.
  6598 | D:8      | 6598 ||| Stepping ~*~*~tactically~*~*~ (stealth).
  6599 | D:8      | 6599 ||| Stepping ~*~*~tactically~*~*~ (stealth).
  6604 | D:8      | Reached skill level 15 in Unarmed Combat
  6607 | D:8      | 6607 ||| Stepping ~*~*~tactically~*~*~ (hiding).
  6608 | D:8      | 6608 ||| Stepping ~*~*~tactically~*~*~ (hiding).
  6609 | D:8      | 6609 ||| FLEEEEING.
  6616 | D:8      | 6616 ||| FLEEEEING.
  6617 | D:8      | 6617 ||| FLEEEEING.
  6629 | D:8      | 6629 ||| Stepping ~*~*~tactically~*~*~ (stealth).
  6659 | D:8      | 6659 ||| Stepping ~*~*~tactically~*~*~ (stealth).
  6661 | D:8      | 6661 ||| Stepping ~*~*~tactically~*~*~ (stealth).
  6886 | D:8      | Reached XP level 11. HP: 84/105 MP: 11/11
  7152 | D:8      | 7152 ||| PLANNING LAIR
  7187 | Lair:1   | Entered Level 1 of the Lair of Beasts
  7195 | Lair:1   | Noticed a death yak
  7195 | Lair:1   | Noticed a death yak
  7195 | Lair:1   | Noticed a death yak
  7195 | Lair:1   | Noticed a death yak
  7196 | Lair:1   | 7196 ||| Stepping ~*~*~tactically~*~*~ (stealth).
  7197 | Lair:1   | Noticed a death yak
  7198 | Lair:1   | 7198 ||| Stepping ~*~*~tactically~*~*~ (stealth).
  7199 | Lair:1   | Noticed a death yak
  7200 | Lair:1   | 7200 ||| INVOKING Fiery Armour.
  7206 | Lair:1   | 7206 ||| Stepping ~*~*~tactically~*~*~ (outnumbered).
  7211 | Lair:1   | Killed a death yak
  7219 | Lair:1   | Killed a death yak
  7224 | Lair:1   | Killed a death yak
  7229 | Lair:1   | Killed a death yak
  7232 | Lair:1   | Noticed Fannar
  7233 | Lair:1   | Reached skill level 16 in Unarmed Combat
  7237 | Lair:1   | Killed a death yak
  7242 | Lair:1   | Killed a death yak
  7245 | Lair:1   | HP: 20/109 [cane toad (14)]
  7246 | Lair:1   | 7246 ||| READING 2 scrolls of teleportation.
  7247 | Lair:1   | 7247 ||| DRINKING 3 potions of heal wounds.
  7250 | Lair:1   | HP: 26/109 [Fannar/staff of cold (7)]
  7251 | Lair:1   | 7251 ||| DRINKING 2 potions of heal wounds.
  7355 | Lair:1   | 7355 ||| Stepping ~*~*~tactically~*~*~ (stealth).
  7370 | Lair:1   | 7370 ||| INVOKING Fiery Armour.
  7375 | Lair:1   | 7375 ||| Stepping ~*~*~tactically~*~*~ (hiding).
  7376 | Lair:1   | 7376 ||| Stepping ~*~*~tactically~*~*~ (hiding).
  7379 | Lair:1   | Killed Fannar
  7552 | Lair:1   | 7552 ||| INVOKING Fiery Armour.
  7932 | Lair:1   | 7932 ||| INVOKING Fiery Armour.
  7939 | Lair:1   | 7939 ||| Stepping ~*~*~tactically~*~*~ (stealth).
  8013 | Lair:1   | Reached skill level 17 in Unarmed Combat
  8215 | Lair:1   | 8215 ||| READING 2 scrolls of identify.
  8215 | Lair:1   | 8215 ||| IDENTIFYING fuming cyan potion
  8248 | Lair:2   | 8248 ||| INVOKING Fiery Armour.
  8250 | Lair:2   | 8250 ||| Stepping ~*~*~tactically~*~*~ (stealth).
  8252 | Lair:2   | 8252 ||| STAIRDANCE
  8256 | Lair:2   | 8256 ||| STAIRDANCE
  8272 | Lair:2   | 8272 ||| STAIRDANCE
  8299 | Lair:2   | 8299 ||| STAIRDANCE
  8307 | Lair:2   | Reached XP level 12. HP: 118/118 MP: 12/12
  8535 | Lair:2   | 8535 ||| Stepping ~*~*~tactically~*~*~ (stealth).
  8574 | Lair:2   | Noticed Harold
  8575 | Lair:2   | 8575 ||| Stepping ~*~*~tactically~*~*~ (hiding).
  8580 | Lair:2   | 8580 ||| Stepping ~*~*~tactically~*~*~ (hiding).
  8581 | Lair:2   | 8581 ||| Stepping ~*~*~tactically~*~*~ (hiding).
  8589 | Lair:2   | Killed Harold
  8663 | Lair:2   | Reached skill level 18 in Unarmed Combat
  8709 | Lair:2   | Noticed a boulder beetle
  8710 | Lair:2   | 8710 ||| INVOKING Fiery Armour.
  8718 | Lair:2   | Killed a boulder beetle
  8809 | Lair:2   | 8809 ||| INVOKING Fiery Armour.
  8810 | Lair:2   | 8810 ||| Stepping ~*~*~tactically~*~*~ (stealth).
  8812 | Lair:2   | 8812 ||| Stepping ~*~*~tactically~*~*~ (hiding).
  8829 | Lair:2   | Found a staircase to the Shoals.
  8830 | Lair:2   | 8830 ||| PLANNING TEMPLE
  8874 | Lair:2   | 8874 ||| READING 2 scrolls labelled HAKKUTHR BUCH.
  8975 | Lair:2   | 8975 ||| DROPPING scroll of silence.
  9151 | Temple   | Entered the Ecumenical Temple
  9198 | Temple   | 9198 ||| PLANNING CONVERSION TO OKAWARU
  9205 | Temple   | Fell from the grace of Ignis
  9205 | Temple   | Became a worshipper of Warmaster Okawaru
  9206 | Temple   | 9206 ||| PLANNING LAIR
  9663 | Lair:2   | 9663 ||| READING 2 scrolls of teleportation.
  9664 | Lair:2   | 9664 ||| STAIRDANCE
  9709 | Lair:2   | 9709 ||| READING scroll of teleportation.
  9710 | Lair:2   | 9710 ||| STAIRDANCE
  9785 | Lair:3   | 9785 ||| Stepping ~*~*~tactically~*~*~ (stealth).
  9790 | Lair:3   | 9790 ||| Stepping ~*~*~tactically~*~*~ (outnumbered).
  9867 | Lair:3   | Reached * piety under Okawaru
  9868 | Lair:3   | 9868 ||| INVOKING Heroism.
  9888 | Lair:3   | Reached skill level 1 in Invocations
  9975 | Lair:3   | 9975 ||| INVOKING Heroism.
 10015 | Lair:3   | Noticed a five-headed hydra
 10016 | Lair:3   | 10016 ||| INVOKING Heroism.
 10025 | Lair:3   | Killed a nine-headed hydra
 10064 | Lair:3   | 10064 ||| INVOKING Heroism.
 10071 | Lair:3   | You fall into a shaft and drop 2 floors!
 10071 | Lair:5   | Entered Level 5 of the Lair of Beasts
 10077 | Lair:5   | 10077 ||| Stepping ~*~*~tactically~*~*~ (stealth).
 10078 | Lair:5   | 10078 ||| Stepping ~*~*~tactically~*~*~ (stealth).
 10079 | Lair:5   | 10079 ||| Stepping ~*~*~tactically~*~*~ (stealth).
 10080 | Lair:5   | 10080 ||| Stepping ~*~*~tactically~*~*~ (outnumbered).
 10081 | Lair:5   | 10081 ||| Stepping ~*~*~tactically~*~*~ (outnumbered).
 10082 | Lair:5   | 10082 ||| Stepping ~*~*~tactically~*~*~ (outnumbered).
 10085 | Lair:5   | Reached skill level 3 in Invocations
 10090 | Lair:5   | 10090 ||| INVOKING Heroism.
 10097 | Lair:5   | Reached ** piety under Okawaru
 10098 | Lair:5   | Reached skill level 19 in Unarmed Combat
 10100 | Lair:5   | Reached XP level 13. HP: 106/127 MP: 14/14
 10138 | Lair:5   | 10138 ||| UPGRADING to ring of poison resistance.
 10139 | Lair:5   | 10139 ||| READING scroll labelled GURIDU KALL.
 10139 | Lair:5   | Identified a scroll of acquirement
 10139 | Lair:5   | 10139 ||| ACQUIRING amulet "Gecsueb" {Spirit rElec rC-
                  | Will+ Str+2}
 10139 | Lair:5   | Acquired the amulet "Gecsueb" {Spirit rElec rC- Will+
                  | Str+2}
 10147 | Lair:5   | 10147 ||| INVOKING Heroism.
 10172 | Lair:5   | 10172 ||| Stepping ~*~*~tactically~*~*~ (outnumbered).
 10173 | Lair:5   | 10173 ||| STAIRDANCE
 10175 | Lair:4   | 10175 ||| INVOKING Heroism.
 10176 | Lair:4   | 10176 ||| Stepping ~*~*~tactically~*~*~ (outnumbered).
 10183 | Lair:4   | HP: 32/128 [bullfrog (2)]
 10184 | Lair:4   | 10184 ||| DRINKING 2 potions of heal wounds.
 10188 | Lair:4   | 10188 ||| Stepping ~*~*~tactically~*~*~ (cloud).
 10195 | Lair:4   | Reached *** piety under Okawaru
 10226 | Lair:4   | 10226 ||| INVOKING Heroism.
 10228 | Lair:4   | 10228 ||| Stepping ~*~*~tactically~*~*~ (outnumbered).
 10346 | Lair:4   | 10346 ||| READING 2 scrolls of identify.
 10346 | Lair:4   | 10346 ||| IDENTIFYING silvery potion
 10347 | Lair:4   | 10347 ||| DROPPING potion of flight.
 10365 | Lair:3   | Reached skill level 9 in Fighting
 10407 | Lair:3   | 10407 ||| DRINKING 2 potions of cancellation.
 10411 | Lair:3   | 10411 ||| DRINKING potion of cancellation.
 10501 | Lair:3   | 10501 ||| INVOKING Heroism.
 10512 | Lair:3   | Found a hole to the Spider Nest.
 10554 | Lair:3   | 10554 ||| Stepping ~*~*~tactically~*~*~ (outnumbered).
 10598 | Lair:3   | 10598 ||| INVOKING Heroism.
 10780 | Lair:3   | Noticed Sonja
 10787 | Lair:3   | Killed Sonja
 10943 | Lair:2   | 10943 ||| READING scroll of teleportation.
 11013 | Lair:4   | 11013 ||| INVOKING Heroism.
 11212 | Lair:4   | Identified the amulet "Wonyg" {Acrobat rCorr}
 11804 | Lair:4   | 11804 ||| DROPPING scarf of harm.
 11805 | Lair:4   | 11805 ||| UPGRADING to +0 cloak.
 11810 | Lair:4   | 11810 ||| DROPPING amulet "Wonyg" {Acrobat rCorr}.
 11811 | Lair:4   | 11811 ||| DRINKING 2 cyan potions.
 11858 | Lair:5   | 11858 ||| INVOKING Heroism.
 11860 | Lair:5   | 11860 ||| STAIRDANCE
 11871 | Lair:5   | 11871 ||| Stepping ~*~*~tactically~*~*~ (outnumbered).
 11872 | Lair:5   | 11872 ||| Stepping ~*~*~tactically~*~*~ (outnumbered).
 11873 | Lair:5   | 11873 ||| Stepping ~*~*~tactically~*~*~ (outnumbered).
 11874 | Lair:5   | 11874 ||| Stepping ~*~*~tactically~*~*~ (outnumbered).
 11875 | Lair:5   | 11875 ||| Stepping ~*~*~tactically~*~*~ (outnumbered).
 11876 | Lair:5   | 11876 ||| Stepping ~*~*~tactically~*~*~ (outnumbered).
 11877 | Lair:5   | 11877 ||| Stepping ~*~*~tactically~*~*~ (outnumbered).
 11878 | Lair:5   | 11878 ||| Stepping ~*~*~tactically~*~*~ (outnumbered).
 11879 | Lair:5   | 11879 ||| Stepping ~*~*~tactically~*~*~ (outnumbered).
 11880 | Lair:5   | 11880 ||| Stepping ~*~*~tactically~*~*~ (outnumbered).
 11881 | Lair:5   | 11881 ||| Stepping ~*~*~tactically~*~*~ (outnumbered).
 11890 | Lair:5   | 11890 ||| INVOKING Heroism.
 12021 | Lair:5   | 12021 ||| INVOKING Heroism.
 12060 | Lair:5   | 12060 ||| INVOKING Heroism.
 12067 | Lair:5   | Reached skill level 3 in Armour
 12095 | Lair:5   | 12095 ||| INVOKING Heroism.
 12101 | Lair:5   | Reached skill level 3 in Throwing
 12118 | Lair:5   | 12118 ||| INVOKING Heroism.
 12123 | Lair:5   | 12123 ||| Stepping ~*~*~tactically~*~*~ (stealth).
 12124 | Lair:5   | 12124 ||| Stepping ~*~*~tactically~*~*~ (stealth).
 12127 | Lair:5   | 12127 ||| Stepping ~*~*~tactically~*~*~ (cloud).
 12131 | Lair:5   | Reached **** piety under Okawaru
 12132 | Lair:5   | 12132 ||| Stepping ~*~*~tactically~*~*~ (cloud).
 12143 | Lair:5   | 12143 ||| INVOKING Heroism.
 12152 | Lair:5   | HP: 32/131 [catoblepas (3)]
 12154 | Lair:5   | HP: 9/131 [death yak (8)]
 12154 | Lair:5   | HP: 2/131 [death yak (7)]
 12155 | Lair:5   | Slain by a death yak

Levels and vault maps discovered:
D:1:      psy_arrival_basics, layout_rooms, hellmonk_ecumenical_altar_lost_god,
          serial_shops, shop_fountains, minmay_misc_feat_five
D:2:      layout_rooms, minmay_lizard_pond
D:3:      layout_loops_corners, uniq_ijyb
D:4:      layout_rooms, nicolae_overflow_hidden_temple,
          minmay_temple_entry_waves, nicolae_ossuary_entry_monument,
          kennysheep_generic_room_15, uniq_menkaure
D:5:      layout_loops_corners, dreamdust_princess_corridor, glass_columns_a,
          hangedman_abyss_or_decor_stagger, minmay_manual_monstrance
D:6:      layout_basic, bloody_makhleb, corexii_checkpoint_a,
          nicolae_shop_firing_range, uniq_prince_ribbit1
D:7:      nzn_winding_woodlands_cross [nzn_winding_woodlands_5x15_parted,
          nzn_winding_woodlands_5x15_pockets, nzn_winding_woodlands_5x15_zeroes,
          nzn_winding_woodlands_5x15_default,
          nzn_winding_woodlands_15x15_five_gardens], layout_basic, serial_shops,
          shop, uniq_maggie, uniq_joseph
D:8:      layout_basic, due_lair_maze_entry_diamond, kennysheep_generic_room_3
Temple:   compressed_dpeg_circular_temple
Lair:1:   layout_loops_ring, serial_bayou_crossing, grunt_megastairs_2,
          uniq_fannar
Lair:2:   layout_regular_city, minmay_shoals_entry_beasts, uniq_harold
Lair:3:   layout_roguey, spider_nest_entry_funnel_web, eino_house_with_fridge,
          grunt_megastairs_4, lemuel_fruit_fields, uniq_sonja
Lair:4:   layout_cave_pods
Lair:5:   evilmike_catoblepas_cave, layout_long_grid, dpeg_slime_entry_corner,
          hangedman_lair_unloving_vines, infiniplex_staircase_pool

Skill      XL: |  1  2  3  4  5  6  7  8  9 10 11 12 13 |
---------------+----------------------------------------+-----
Unarmed Combat | 4 5 7 8 9 10 13 15 17 19 | 19.5
Fighting       | 3 4 5 6 7 8 9 |  9.0
Throwing       | 1 2 3 |  3.1
Dodging        | 1 2 |  2.2
Armour         | 2 3 |  3.3
Invocations    | 3 4 |  4.1
Spellcasting   | |  1.0
Fire Magic     | |  2.1

Action                   |  1- 3 |  4- 6 |  7- 9 | 10-12 | 13-15 || total
-------------------------+-------+-------+-------+-------+-------++-------
Melee: Unarmed           |    81 |   107 |   184 |   435 |   122 ||   929
       Punch             |       |     4 |     4 |    25 |     4 ||    37
Throw: Boomerang         |     7 |    47 |    62 |   105 |    26 ||   247
       Javelin           |       |       |       |       |     8 ||     8
Invok: Fiery Armour      |       |     1 |     4 |     8 |       ||    13
       Heroism           |       |       |       |     5 |    13 ||    18
  Use: Scroll            |     6 |    10 |     7 |     9 |     3 ||    35
       Potion            |     1 |     1 |     3 |     3 |     4 ||    12
 Stab: Petrified         |       |       |       |       |     2 ||     2
Armor: Robe              |    19 |    19 |    37 |    13 |       ||    88
       Steam dragon scal |       |       |       |    96 |    75 ||   171
Dodge: Dodged            |    28 |    22 |    46 |   103 |    38 ||   237
Block: Other             |       |     7 |    30 |    53 |    21 ||   111
       Reflection        |       |       |     1 |     4 |     1 ||     6

Table legend:
 A = Non-vault XP
 B = Vault XP
 C = Vault XP percentage of total XP
 D = Non-vault monster count
 E = Vault monster count
 F = Vault count percentage of total count
                 A         B        C        D         E       F
            +---------+---------+-------+---------+---------+-------
      Total |   36815 |   15836 |  30.1 |     256 |     115 |  31.0
            +---------+---------+-------+---------+---------+-------
        D:1 |      32 |       0 |   0.0 |      19 |       0 |   0.0
        D:2 |      34 |       3 |   8.1 |      12 |       3 |  20.0
        D:3 |      31 |      38 |  55.1 |      11 |       1 |   8.3
        D:4 |     188 |     157 |  45.5 |      20 |       1 |   4.8
        D:5 |     563 |     982 |  63.6 |      21 |       3 |  12.5
        D:6 |     697 |     277 |  28.4 |      14 |       6 |  30.0
        D:7 |    1052 |    3955 |  79.0 |      21 |      24 |  53.3
        D:8 |     869 |    1858 |  68.1 |      30 |      13 |  30.2
     Lair:1 |    9518 |     868 |   8.4 |      27 |       1 |   3.6
     Lair:2 |    6728 |    1715 |  20.3 |      28 |       3 |   9.7
     Lair:3 |    6504 |    2762 |  29.8 |      23 |      16 |  41.0
     Lair:4 |    3876 |       0 |   0.0 |      10 |       0 |   0.0
     Lair:5 |    6723 |    2864 |  29.9 |      20 |       5 |  20.0
    Ossuary |       0 |     357 | 100.0 |       0 |      39 | 100.0
            +---------+---------+-------+---------+---------+-------
